 Dungeon Crawl Stone Soup version 0.18.1-50-g88ac8fd (console) character file.

104767 Kloppie the Warrior (level 16, -2/155 HPs)
             Began as a Hill Orc Berserker on Oct 18, 2016.
             Was the Champion of Trog.
             Slain by a stone giant (23 damage)
             ... on level 2 of the Orcish Mines.
             The game lasted 00:46:55 (22490 turns).

Kloppie the Warrior (Hill Orc Berserker)           Turns: 22490, Time: 00:46:56

Health: -2/155     AC: 20    Str: 22    XL:     16   Next: 39%
Magic:  22/22      EV: 14    Int:  7    God:    Trog [******]
Gold:   1591       SH:  0    Dex: 15    Spells: 0 memorised, 15 levels left

rFire  + . .     SeeInvis +     a - +2 battleaxe (flame)
rCold  . . .     Gourm    .     K - +0 chain mail {rPois}
rNeg   + . .     Faith    +     (shield currently unavailable)
rPois  +         Spirit   .     Z - +2 hat {SInv}
rElec  .         Dismiss  .     A - +2 cloak "Mast" {rN+ MR+}
rCorr  .         Reflect  .     D - -4 pair of gloves of Gehenna {+Blink rF+ MR+ Regen+}
SustAt .         Harm     .     n - +1 pair of boots
MR     +++++                    B - amulet of faith
Stlth  ..........               w - ring of protection from magic
                                j - +4 ring of evasion

@: exhausted, regenerating, slowed, very slow, almost entirely resistant to
hostile enchantments, extremely unstealthy
A: no striking features
a: Berserk, Trog's Hand, Brothers in Arms, Burn Spellbooks, Renounce Religion,
Evoke Blink


You were on level 2 of the Orcish Mines.
You worshipped Trog.
Trog was exalted by your worship.
You were hungry.

You visited 3 branches of the dungeon, and saw 23 of its levels.
You also visited: Ice Cave and Volcano.

You collected 2041 gold pieces.
You spent 450 gold pieces at shops.

Inventory:

Hand Weapons
 a - a +2 battleaxe of flaming (weapon)
 b - the +9 halberd "Vyutz" {elec, *Noise rPois Int+4}
   (Trog gifted it to you on level 3 of the Lair of Beasts)

   Occasionally, upon striking a foe, it will discharge some electrical energy
   and cause terrible harm.
   It affects your intelligence (+4).
   It protects you from poison.
   It may make noises in combat.
Armour
 n - a +1 pair of boots (worn)
 A - the +2 cloak "Mast" (worn) {rN+ MR+}
   (You found it on level 6 of the Lair of Beasts)

   It protects you from negative energy.
   It affects your resistance to hostile enchantments.
 D - the -4 pair of gloves of Gehenna (worn) {+Blink rF+ MR+ Regen+}
   (You found it on level 3 of the Lair of Beasts)

   It protects you from fire.
   It affects your resistance to hostile enchantments.
   It lets you blink.
   It increases your rate of regeneration.
 K - a +0 chain mail of poison resistance (worn)
 Z - a +2 hat of see invisible (worn)
Jewellery
 j - a +4 ring of evasion (left hand)
 v - the amulet of Juheumos {Gourm Int+6 Dex+4}
   (You found it on level 6 of the Lair of Beasts)

   [amulet of the gourmand]

   It allows you to eat raw meat even when not hungry.
   It affects your intelligence (+6).
   It affects your dexterity (+4).
 w - a ring of protection from magic (right hand)
 x - an uncursed ring of sustain attributes
 B - an amulet of faith (around neck)
 C - an uncursed ring of protection from cold
Wands
 E - a wand of heal wounds (6/9)
 J - a wand of disintegration (4/24)
 N - a wand of teleportation (6/9)
 P - a wand of digging (15/24)
Scrolls
 d - 4 scrolls of magic mapping
 i - 2 scrolls of recharging
 o - 2 scrolls of fear
 t - 12 scrolls of teleportation
 G - 10 scrolls of remove curse
 H - 4 scrolls of enchant armour
 T - a scroll of fog
Potions
 e - 6 potions of heal wounds
 f - 4 potions of curing
 h - 4 potions of agility
 k - 6 potions of invisibility
 p - 5 potions of might
 q - 3 potions of haste
 F - 2 potions of resistance
 L - a potion of cancellation
 M - 3 potions of magic {unknown}
 U - 3 potions of flight {unknown}
Comestibles
 c - 22 bread rations
 g - 10 chunks of flesh
 r - a royal jelly
 z - 6 beef jerkies
 I - 6 meat rations


   Skills:
 - Level 17.4 Fighting
 + Level 15.2(17.5) Axes
 - Level 13.0(15.0) Polearms
 - Level 16.2 Armour
 + Level 3.6 Dodging
 - Level 9.0 Evocations


You had 15 spell levels left.
You didn't know any spells.

Dungeon Overview and Level Annotations

Branches:
Dungeon (13/15)            Temple (0/1) D:7            Lair (8/8) D:11
  Swamp (0/4) Lair:6        Snake (0/4) Lair:6        Slime (0/6) Lair:6
    Orc (2/2) D:10            Elf (0/3) Orc:2        Vaults (0/5) D:13

Altars:
Ashenzari
Dithmenos
Elyvilon
Fedhas
Trog
Jiyva

Shops:
D:5 !   Orc:2 [:::


Message History

You feel much better. The orc closely misses you.
Eat one of 11 chunks of flesh? (ye/n/q/i?) This raw flesh tastes terrible.
You are feeling hungry.
The orc misses you. x2
You continue eating. x2
The stone giant hits you but does no damage.
You slice the stone giant!! You burn the stone giant!
The stone giant is moderately wounded.
The orc hits you but does no damage. The stone giant hits you!!
* * * LOW HITPOINT WARNING * * *
The orc hits you but does no damage.
You slash the stone giant! You burn the stone giant.
The stone giant is heavily wounded.
The stone giant closely misses you. The orc hits you but does no damage.
You're too exhausted to go berserk.
You completely miss the stone giant.
The stone giant is heavily wounded.
The stone giant hits you!!
You die...

.................
..................
...............#.#
C............(..#
.......C.......#
.......#))).....#
.......)(....# ###
.......))...## ##.##
..#..........###@..##
.............(.##C..#
...........#...o.o.##
.#.............##.####
...............##.##.##
...........#.##......#
#.#........######.##.####
........... ............##
.........................#


You could see a stone giant and an orc.

Vanquished Creatures
  Rupert (Lair:4)
  Gastronok (Lair:3)
  A frost giant (IceCv)
  An ettin (Orc:2)
  5 dire elephants (Lair:8)
  Snorg (D:10)
  Josephine (D:9)
  Fannar (Lair:2)
  7 hydras
  Erolcha (D:8)
  Erica (D:12)
  A catoblepas (Lair:8)
  An anaconda (Lair:8)
  3 centaur warriors
  A queen ant (Lair:1)
  10 death yaks
  A death knight (D:12)
  Nergalle (D:10)
  2 orc high priests
  An unseen horror (D:11)
  A wizard (D:13)
  Pikel (D:5)
  10 hill giants
  A necromancer (D:9)
  3 orc knights
  A deep elf mage (D:13)
  2 griffons
  2 centaur zombies
  2 cyclopes
  4 orc sorcerers
  An ice statue (IceCv)
  13 elephants
  Psyche (D:8)
  Joseph (D:8)
  2 black mambas
  16 spiny frogs
  A kobold demonologist (D:13)
  2 rime drakes
  5 komodo dragons
  13 polar bears
  7 trolls
  4 slime creatures (D:13)
  Prince Ribbit (D:6)
  A two-headed ogre (D:11)
  28 blink frogs
  2 flying skulls (D:9)
  Sigmund (D:6)
  3 shadows
  3 wyverns
  A spriggan (D:8)
  88 yaks
  5 basilisks
  2 steam dragons
  11 hippogriffs
  4 vampire mosquitoes
  Edmund (D:4)
  3 mottled dragons
  4 swamp worms (Lair:6)
  4 wargs (Orc:1)
  7 soldier ants (Lair:1)
  2 nagas (Lair:6)
  8 water moccasins
  12 porcupines
  2 sky beasts
  2 ice beasts
  32 orc warriors
  2 eyes of draining
  2 phantoms
  2 wasps
  13 necrophages
  6 black bears
  3 ogres
  21 centaurs
  31 wolves
  4 big kobolds
  12 crocodiles
  A wyvern zombie (D:9)
  13 giant frogs
  6 killer bees (D:10)
  A scorpion (D:4)
  11 howler monkeys
  13 wights
  4 electric eels
  3 crimson imps
  A quasit (D:7)
  5 giant frog zombies
  9 hounds
  2 jellies
  2 centaur skeletons (D:9)
  10 giant frog skeletons
  15 orc priests
  20 orc wizards
  12 iguanas
  32 worker ants
  A killer bee zombie (D:9)
  17 sheep
  A hound skeleton (D:4)
  2 worker ant zombies (D:9)
  A howler monkey zombie (D:9)
  6 gnolls
  61 river rats
  10 adders
  2 shadow imps
  12 white imps (Lair:2)
  2 oozes
  2 adder skeletons
  3 adder zombies
  3 worms
  A dart slug (D:1)
  5 giant geckos
  73 orcs
  8 giant cockroaches
  10 goblins
  8 hobgoblins
  9 jackals
  14 kobolds
  7 quokkas
  2 ball pythons
  8 bats
  3 giant newts
  3 quokka skeletons
  2 quokka zombies (D:9)
  5 rats
  3 bushes
  10 plants
912 creatures vanquished.

Vanquished Creatures (others)
  A centaur (D:5)
  A worker ant (D:5)
  17 fungi
  9 plants
28 creatures vanquished.

Grand Total: 940 creatures vanquished

Notes
Turn   | Place    | Note
--------------------------------------------------------------
     0 | D:1      | Kloppie the Hill Orc Berserker began the quest for the Orb.
     0 | D:1      | Reached XP level 1. HP: 19/19 MP: 1/1
     1 | D:1      | Noticed an electric eel
   316 | D:1      | Reached XP level 2. HP: 20/27 MP: 2/2
   581 | D:1      | Reached XP level 3. HP: 26/33 MP: 3/3
   700 | D:1      | Reached ** piety under Trog
  1058 | D:2      | Reached skill level 4 in Fighting
  1067 | D:2      | Reached skill level 5 in Axes
  1216 | D:2      | Reached XP level 4. HP: 34/40 MP: 4/4
  2087 | D:4      | Reached XP level 5. HP: 39/47 MP: 5/5
  2110 | D:4      | Noticed Edmund
  2125 | D:4      | Killed Edmund
  2125 | D:4      | Reached skill level 5 in Fighting
  2125 | D:4      | Reached XP level 6. HP: 38/56 MP: 6/6
  2156 | D:4      | Found a bloodstained altar of Trog.
  2162 | D:4      | Reached *** piety under Trog
  2171 | D:4      | Found a white marble altar of Elyvilon.
  2556 | D:4      | Got a warped spear
  2559 | D:4      | Identified the +10 spear of Nyusk {flame, rF+ Str+5} (You found it on level 4 of the Dungeon)
  2565 | D:5      | Entered Level 5 of the Dungeon
  2587 | D:5      | Noticed a phantom
  2591 | D:5      | Killed a phantom
  2591 | D:5      | Reached skill level 1 in Polearms
  2597 | D:5      | Reached XP level 7. HP: 51/62 MP: 7/7
  2602 | D:5      | Reached skill level 6 in Fighting
  2602 | D:5      | Reached skill level 5 in Armour
  3016 | D:5      | Found Idifeib's Distillery.
  3017 | D:5      | Noticed Pikel
  3027 | D:5      | Killed Pikel
  3027 | D:5      | Reached skill level 7 in Fighting
  3027 | D:5      | Reached XP level 8. HP: 42/73 MP: 8/8
  3046 | D:5      | Bought a potion of degeneration for 11 gold pieces
  3046 | D:5      | Bought a potion of might for 44 gold pieces
  3046 | D:5      | Bought a potion of mutation for 27 gold pieces
  3046 | D:5      | Bought a potion of heal wounds for 55 gold pieces
  3522 | D:6      | Reached **** piety under Trog
  3627 | D:6      | Noticed Prince Ribbit
  3633 | D:6      | Killed Prince Ribbit
  3633 | D:6      | Reached skill level 8 in Fighting
  3633 | D:6      | Reached skill level 5 in Polearms
  3692 | D:6      | Found a shattered altar of Ashenzari.
  3816 | D:6      | Noticed Sigmund
  3823 | D:6      | Killed Sigmund
  3823 | D:6      | Reached XP level 9. HP: 82/82 MP: 9/9
  4529 | D:7      | Found a staircase to the Ecumenical Temple.
  4870 | D:7      | Reached skill level 9 in Fighting
  5031 | D:8      | Noticed Joseph
  5034 | D:8      | Noticed Erolcha
  5042 | D:8      | Killed Erolcha
  5052 | D:8      | Killed Joseph
  5052 | D:8      | Reached skill level 10 in Fighting
  5112 | D:8      | Noticed Psyche
  5118 | D:8      | Reached XP level 10. HP: 65/93 MP: 10/10
  5131 | D:8      | Killed Psyche
  5321 | D:8      | Reached ***** piety under Trog
  6074 | D:9      | Noticed Josephine
  6077 | D:9      | Noticed a necromancer
  6085 | D:9      | Reached skill level 11 in Fighting
  6090 | D:9      | Reached skill level 10 in Armour
  6094 | D:9      | Killed a necromancer
  6107 | D:9      | Killed Josephine
  6111 | D:9      | Reached XP level 11. HP: 100/102 MP: 11/11
  6323 | D:9      | Reached skill level 12 in Fighting
  7094 | D:10     | Entered Level 10 of the Dungeon
  7150 | D:10     | Reached skill level 10 in Polearms
  7199 | D:10     | Noticed Nergalle
  7226 | D:10     | Killed Nergalle
  7275 | D:10     | Found a staircase to the Orcish Mines.
  7455 | D:10     | Noticed Snorg
  7470 | D:10     | Killed Snorg
  8046 | Orc:1    | Entered Level 1 of the Orcish Mines
  8084 | Orc:1    | Received a gift from Trog
  8135 | Orc:1    | Reached ****** piety under Trog
  8251 | D:11     | Reached skill level 13 in Fighting
  8336 | D:11     | Found a staircase to the Lair.
  8392 | D:11     | Reached XP level 12. HP: 58/115 MP: 12/12
  8608 | D:11     | Noticed Erica
  8624 | D:11     | Received a gift from Trog
  8696 | D:11     | Noticed an eight-headed hydra
  8702 | D:11     | Killed an eight-headed hydra
  9266 | D:11     | Identified a -2 rod of ignition (10/10) (You found it on level 8 of the Dungeon)
  9305 | Lair:1   | Entered Level 1 of the Lair of Beasts
  9411 | Lair:1   | Found a dark tunnel.
  9433 | Volcano  | Entered a volcano
  9452 | Volcano  | Found a burning altar of Makhleb.
  9454 | Volcano  | Noticed a centaur warrior
  9474 | Volcano  | Killed a centaur warrior
  9647 | Lair:1   | Noticed a four-headed hydra
  9660 | Lair:1   | Killed a four-headed hydra
  9980 | Lair:1   | Reached XP level 13. HP: 112/122 MP: 13/13
 10120 | Lair:1   | Received a gift from Trog
 10144 | Lair:1   | Reached skill level 14 in Fighting
 10627 | Lair:2   | Found a frozen archway.
 10642 | IceCv    | Entered an ice cave
 10690 | IceCv    | HP: 1/187 [ice statue/shard of ice (40)]
 11169 | IceCv    | Received a gift from Trog
 11418 | IceCv    | Reached skill level 10 in Axes
 11508 | IceCv    | Noticed a frost giant
 11530 | IceCv    | Reached skill level 15 in Fighting
 11542 | IceCv    | Killed a frost giant
 11555 | IceCv    | HP: 3/126 [polar bear (16)]
 12566 | Lair:2   | Noticed Fannar
 12592 | Lair:2   | Killed Fannar
 12592 | Lair:2   | Reached skill level 1 in Evocations
 13409 | Lair:3   | Reached XP level 14. HP: 135/135 MP: 15/15
 13415 | Lair:3   | Got a pair of heavily runed gloves
 13421 | Lair:3   | Identified the cursed -4 pair of gloves of Gehenna {+Blink rF+ MR+ Regen+} (You found it on level 3 of the Lair of Beasts)
 13598 | Lair:3   | Noticed Gastronok
 13612 | Lair:3   | Killed Gastronok
 13612 | Lair:3   | Received a gift from Trog
 13613 | Lair:3   | Got a slimy halberd {god gift}
 13930 | Lair:4   | Noticed Rupert
 13963 | Lair:4   | Killed Rupert
 14202 | Lair:4   | Reached skill level 5 in Evocations
 14800 | Lair:5   | Identified the +9 halberd "Vyutz" {elec, *Noise rPois Int+4} (Trog gifted it to you on level 3 of the Lair of Beasts)
 14947 | Lair:5   | Received a gift from Trog
 15715 | Lair:6   | Found a staircase to the Snake Pit.
 15973 | Lair:6   | Got a smoking lead amulet
 16104 | Lair:6   | Received a gift from Trog
 16112 | Lair:6   | Found a staircase to the Swamp.
 16287 | Lair:6   | Found a staircase to the Slime Pits.
 16288 | Lair:6   | Found a viscous altar of Jiyva.
 16335 | Lair:6   | Got a twisted cloak
 16346 | Lair:6   | Identified the +2 cloak "Mast" {rN+ MR+} (You found it on level 6 of the Lair of Beasts)
 16658 | Lair:7   | Received a gift from Trog
 16699 | Lair:7   | Reached XP level 15. HP: 136/141 MP: 21/21
 17052 | Lair:7   | Reached skill level 15 in Armour
 17672 | D:12     | Killed Erica
 17781 | D:12     | Received a gift from Trog
 17896 | D:12     | Found a blossoming altar of Fedhas.
 17954 | D:12     | Identified the amulet of Juheumos {Gourm Int+6 Dex+4} (You found it on level 6 of the Lair of Beasts)
 18416 | D:12     | Reached skill level 16 in Fighting
 18634 | D:13     | Found a gate to the Vaults.
 18928 | D:13     | Found a shadowy altar of Dithmenos.
 19529 | Lair:8   | Entered Level 8 of the Lair of Beasts
 19539 | Lair:8   | Received a gift from Trog
 19540 | Lair:8   | Got an iridescent executioner's axe {god gift}
 20117 | Lair:8   | Identified the +12 executioner's axe "Moonos" {flame, *Corrode rPois rC+ Dex+3} (Trog gifted it to you on level 8 of the Lair of Beasts)
 20274 | Lair:8   | Reached skill level 17 in Fighting
 20376 | Lair:8   | Received a gift from Trog
 20394 | Lair:8   | Reached XP level 16. HP: 155/155 MP: 22/22
 20846 | Orc:2    | Entered Level 2 of the Orcish Mines
 21458 | Orc:1    | Received a gift from Trog
 22075 | Orc:2    | Reached skill level 15 in Axes
 22144 | Orc:2    | Found a staircase to the Elven Halls.
 22256 | Orc:2    | Found Fiawiobb's Book Boutique.
 22256 | Orc:2    | Found Qeqem's Book Shoppe.
 22379 | Orc:2    | Found Sijiurar's Book Shop.
 22381 | Orc:2    | Found Weqegitz's Antique Armour Emporium.
 22393 | Orc:2    | Bought a pair of encrusted gloves for 313 gold pieces
 22404 | Orc:2    | Identified the cursed +0 pair of gloves of the Ecumenical Temple {Regen+} (You bought it in a shop on level 2 of the Orcish Mines)
 22466 | Orc:2    | Received a gift from Trog
 22477 | Orc:2    | HP: 6/155 [stone giant/large rock (40)]
 22490 | Orc:2    | Slain by a stone giant

Skill      XL: |  1  2  3  4  5  6  7  8  9 10 11 12 13 14 15 16 |
---------------+-------------------------------------------------+-----
Armour         | 3 4 6 7 9 10 11 13 14 16 | 16.2
Fighting       | 4 5 7 8 10 11 13 15 17 | 17.4
Axes           | 5 6 11 13 14 15 | 15.2
Polearms       | 1 4 5 7 9 11 13 | 13.0
Evocations     | 2 8 9 |  9.0
Dodging        | 3 |  3.6

Action                   |  1- 3 |  4- 6 |  7- 9 | 10-12 | 13-15 | 16-18 || total
-------------------------+-------+-------+-------+-------+-------+-------++-------
Melee: Hand axe          |   159 |   109 |       |       |       |       ||   268
       Spear             |       |    14 |   189 |   791 |     8 |       ||  1002
       Battleaxe         |       |       |       |       |  1339 |   206 ||  1545
Invok: Berserk           |     1 |     2 |       |     4 |     8 |     2 ||    17
       Trog's Hand       |       |       |       |     4 |     9 |     4 ||    17
  Use: Scroll            |       |     3 |    16 |     7 |    12 |     2 ||    40
       Potion            |       |       |       |     1 |     7 |     2 ||    10
 Stab: Distracted        |       |       |       |       |     1 |       ||     1
  Eat: Chunk             |     2 |     7 |     8 |    21 |    44 |     5 ||    87
       Meat ration       |       |       |       |       |       |     1 ||     1
Armor: Animal skin       |    13 |       |       |       |       |       ||    13
       Chain mail        |    71 |    56 |       |       |   723 |   150 ||  1000
       Plate armour      |       |     8 |    50 |   332 |    56 |       ||   446
Dodge: Dodged            |    85 |    41 |    62 |   280 |   971 |   268 ||  1707
